 Dungeon Crawl Stone Soup version 0.21.1-1-g345015f (webtiles) character file.

36 prawnwizard the Insei (level 3, 0/23 HPs)
             Began as an Octopode Transmuter on July 22, 2018.
             Slain by a goblin
             ... wielding a +0 club
              (1 damage)
             ... on level 2 of the Dungeon.
             The game lasted 00:01:24 (1596 turns).

prawnwizard the Insei (Octopode Transmuter)         Turns: 1596, Time: 00:01:25

Health: 0/23       AC:  1    Str:  9    XL:     3   Next: 37%
Magic:  4/6        EV: 13    Int: 15    God:
Gold:   74         SH:  0    Dex: 13    Spells: 0/6 levels left

rFire    . . .     SeeInvis .     - Unarmed
rCold    . . .     Gourm    .   (no shield)
rNeg     . . .     Faith    .   (helmet restricted)
rPois    .         Spirit   .   (no amulet)
rElec    .         Reflect  .   (no ring)
rCorr    .         Harm     .   (no ring)
MR       .....                  (no ring)
Stlth    ++........             (no ring)
HPRegen  0.07/turn              (no ring)
MPRegen  0.10/turn              (no ring)
                                (no ring)
                                (no ring)

@: no status effects
A: almost no armour, stealthy swim, amphibious, 8 rings, constrict 8, camouflage
1, gelatinous body 1
a: no special abilities


You were on level 2 of the Dungeon.
You were not hungry.

You visited 1 branch of the dungeon, and saw 2 of its levels.

You collected 74 gold pieces.

Inventory:

Missiles
 a - 12 arrows
Jewellery
 h - an uncursed ring of protection from cold {unknown}
Scrolls
 f - a scroll of fog {unknown}
 i - a scroll of identify {unknown}
 k - a scroll of random uselessness {unknown}
 l - a scroll of remove curse {unknown}
Potions
 d - a potion of curing {unknown}
 e - a potion of resistance {unknown}
 g - a potion of berserk rage {unknown}
Books
 b - a book of Changes

   Spells                             Type                      Level
   a - Beastly Appendage              Transmutation                1
   b - Sticks to Snakes               Transmutation                2
   c - Spider Form                    Transmutation/Poison         3
   d - Ice Form                       Ice/Transmutation            4
   e - Blade Hands                    Transmutation                5
Comestibles
 c - 3 rations
 j - 3 chunks of flesh


   Skills:
 - Level 1.0 Fighting
 + Level 2.3 Dodging
 * Level 3.5 Unarmed Combat
 + Level 2.3 Spellcasting
 + Level 2.4 Transmutations


You couldn't memorise any spells.
You knew the following spells:

 Your Spells              Type           Power        Failure   Level  Hunger
a - Beastly Appendage     Tmut           #.....       8%          1    #......
b - Sticks to Snakes      Tmut           #.......     12%         2    ###....
c - Spider Form           Tmut/Pois      #.........   36%         3    ###....


Dungeon Overview and Level Annotations

Branches:
Dungeon (2/15)

Altars:

Annotations:
D:2 Sigmund


Innate Abilities, Weirdness & Mutations

You cannot wear most types of armour.
You are very stealthy in the water. (Stealth+)
You are amphibious.
You can wear up to eight rings at the same time.
You can use your tentacles to constrict eight enemies at once.
Your skin changes colour to match your surroundings (Stealth+).
Your rubbery body absorbs attacks. (AC +1, EV +1)


Message History

You tentacle-slap Sigmund, but do no damage.
Sigmund is severely wounded.
You constrict Sigmund, but do no damage.
The bat hits you. The goblin hits you with a club.
Sigmund gestures at you while chanting. The magic dart hits you!
* * * LOW HITPOINT WARNING * * *
You tentacle-slap Sigmund but do no damage.
Sigmund is severely wounded.
You constrict Sigmund. The bat completely misses you.
The bat barely misses you. The rat bites you.
* * * LOW HITPOINT WARNING * * *
The goblin barely misses you. Sigmund barely misses you.
The bat hits you but does no damage.
You tentacle-slap Sigmund but do no damage.
Sigmund is almost dead.
You constrict Sigmund. The bat misses you. The rat bites you.
* * * LOW HITPOINT WARNING * * *
The goblin hits you with a club.
You die...

##.## .#
######..##.#.##
#.............#
#.#####.##.####
#..# # ##.#
#########.#
......r.#.#
......@@b.#
......g.....#
.....?...#..#
...........>#
.........####
.........#
.......".#
.........#


You could see Sigmund, a goblin, a bat and a rat.

Vanquished Creatures
  An ooze (D:1)
  A leopard gecko (D:1)
  2 giant cockroaches
  2 goblins (D:1)
  5 hobgoblins
  6 bats (D:1)
  3 frilled lizards
  4 kobolds
  5 rats
29 creatures vanquished.

Notes
Turn   | Place    | Note
-------+----------+-------------------------------------------
     0 | D:1      | prawnwizard the Octopode Transmuter began the quest for the Orb.
     0 | D:1      | Reached XP level 1. HP: 13/13 MP: 3/3
   126 | D:1      | Reached XP level 2. HP: 6/18 MP: 5/5
   961 | D:1      | Reached XP level 3. HP: 23/23 MP: 6/6
  1484 | D:2      | Noticed Sigmund
  1578 | D:2      | Learned a level 2 spell: Sticks to Snakes
  1582 | D:2      | Learned a level 3 spell: Spider Form
  1596 | D:2      | HP: 1/23 [rat (2)]
  1596 | D:2      | Slain by a goblin

Action                   || total
-------------------------++-------
Melee: Unarmed           ||    81
       Constrict         ||    24
       Tentacles         ||    15
       Punch             ||     3
       Kick              ||     4
 Cast: Spider Form       ||     1
       Beastly Appendage ||     1
 Stab: Sleeping          ||     2
  Eat: Chunk             ||     2
Armor: Skin              ||    17
Dodge: Dodged            ||    64
